Map: Backwater LE

Players

JimRising - Winner!

  • Race: Zerg Zerg
  • League: Grandmaster
  • Spawn Location: 5:00

CatZ

  • Race: Zerg Zerg
  • League: Grandmaster
  • Spawn Location: 11:00

VOD

Have the link to the VOD?

Description

Time

  • Played on: Feb. 1, 2018, 1:45 p.m.
  • Length: 12:33
Show
View Real Time Build Order
Export as new Build Order

JimRising Zerg - Winner!

Build Orders: Pool First, Roach Hydra 

Get SALT Encoding   

  12  0:01  Drone  
  13  0:13  Overlord  
  13  0:17  Drone  
  14  0:32  Drone x2  
  16  0:40  Spawning Pool  
  15  0:44  Drone  
  15  0:48  Drone  
  17  0:56  Drone  
  18  1:14  Hatchery  
  17  1:29  Zergling x4  
  17  1:30  Queen, Zergling x2  
  22  1:40  Overlord  
  22  2:00  Drone  
  23  2:06  Queen  
  25  2:13  Drone x2  
  27  2:23  Overlord  
  27  2:27  Queen  
  27  2:29  Drone  
  30  2:34  Zergling x2  
  30  2:36  Zergling x2  
  32  2:42  Drone x2  
  32  2:43  Drone  
  34  2:54  Drone x2  
  34  2:56  Hatchery  
  34  3:00  Drone  
  34  3:01  Drone  
  35  3:05  Queen  
  35  3:11  Drone x2  
  39  3:15  Overlord  
  39  3:27  Drone x3  
  39  3:30  Drone x3  
  39  3:34  Extractor x2  
  42  3:45  Drone  
  42  3:46  Drone x3  
  45  3:50  Spine Crawler  
  45  3:54  Drone x2  
  46  4:02  Overlord  
  46  4:03  Drone  
  46  4:09  Drone x2  
  49  4:12  Drone x3  
  52  4:18  Drone x4  
  52  4:23  Drone x2  
  58  4:25  Evolution Chamber  
  58  4:27  Drone  
  58  4:31  Drone  
  58  4:34  Zergling x2  
  58  4:36  Drone  
  60  4:39  Lair  
  60  4:40  Drone x3  
  60  4:41  Drone, Roach Warren  
  60  4:43  Extractor x2  
  61  4:48  Drone x5  
  61  4:50  Zerg Missile Weapons Level 1  
  66  4:55  Overlord  
  66  4:57  Overlord  
  66  5:00  Overlord  
  66  5:05  Overlord  
  66  5:12  Evolution Chamber  
  65  5:14  Drone  
  65  5:15  Drone  
  65  5:16  Drone, Overlord  
  65  5:17  Drone  
  65  5:20  Drone  
  70  5:27  Drone  
  70  5:28  Drone  
  72  5:30  Drone, Extractor  
  72  5:31  Drone x2  
  72  5:32  Hatchery  
  73  5:38  Glial Reconstitution  
  73  5:39  Overseer, Zerg Ground Armor Level 1  
  73  5:41  Drone x3  
  76  5:43  Drone x2  
  76  5:44  Drone, Extractor  
  76  5:49  Overlord x2  
  78  5:53  Overlord  
  78  5:57  Roach x4  
  78  5:58  Roach x3  
  78  6:03  Roach  
  78  6:04  Roach  
  95  6:05  Roach  
  97  6:12  Roach x5  
  97  6:16  Evolution Chamber  
  97  6:17  Roach  
  97  6:18  Roach  
  110  6:22  Drone  
  110  6:24  Hydralisk Den  
  110  6:29  Drone  
  110  6:32  Drone  
  112  6:33  Roach x3  
  112  6:34  Roach  
  120  6:40  Hatchery  
  120  6:44  Roach  
  120  6:45  Zerg Missile Weapons Level 2  
  120  6:46  Overlord x4  
  121  7:05  Overlord x3  
  121  7:11  Hatchery  
  121  7:14  Drone  
  121  7:15  Spore Crawler, Hydralisk x6, Muscular Augments  
  120  7:19  Spore Crawler, Drone  
  120  7:20  Drone  
  120  7:21  Queen  
  120  7:22  Spore Crawler  
  130  7:28  Hydralisk x4  
  138  7:35  Zerg Ground Armor Level 2  
  136  7:40  Overlord x2  
  130  7:57  Queen x2, Overlord x3  
  130  8:09  Roach x4  
  130  8:10  Overlord x3  
  130  8:11  Overlord  
  134  8:18  Roach x3  
  134  8:19  Roach x2  
  144  8:24  Overlord  
  144  8:25  Roach x2  
  144  8:26  Grooved Spines  
  148  8:31  Drone x2  
  150  8:36  Hydralisk x2  
  150  8:37  Hydralisk x2  
  150  8:41  Infestation Pit  
  157  8:51  Hydralisk x5  
  157  8:52  Hydralisk  
  169  9:00  Hydralisk x3  
  175  9:06  Roach x5  
  187  9:10  Roach x3  
  187  9:12  Roach  
  187  9:14  Roach  
  195  9:27  Roach x2  
  195  9:31  Roach x5  
  199  9:32  Roach  
  179  9:38  Roach  
  179  9:39  Roach x5  
  179  9:42  Roach  
  179  9:43  Roach  
  169  9:47  Roach x3  
  169  9:51  Roach x3  
  125  9:55  Roach x3  
  125  9:59  Roach  
  127  10:04  Roach x3  
  121  10:07  Roach  
  121  10:11  Hydralisk  
  121  10:12  Hydralisk x2  
  121  10:18  Pathogen Glands  
  121  10:20  Drone, Queen  
  124  10:21  Hydralisk  
  124  10:22  Hydralisk x3  
  132  10:29  Roach x3  
  132  10:34  Roach x2  
  132  10:35  Hydralisk  
  142  10:40  Hydralisk  
  146  10:44  Hydralisk x3  
  146  10:45  Hydralisk  
  146  10:47  Roach  
  156  10:51  Overlord  
  156  10:54  Infestor x2, Overlord  
  156  10:57  Infestor  
  166  11:04  Roach x4  
  166  11:05  Roach  
  174  11:11  Roach x2  
  174  11:12  Roach  
  174  11:15  Roach x4  
  176  11:25  Roach  
  176  11:26  Roach x6  
  176  11:29  Roach x2  
  176  11:31  Roach  
  170  11:37  Roach x2  
  164  11:41  Hydralisk x3  
  170  11:53  Hydralisk x3  
  174  11:59  Hatchery  
  161  12:08  Roach  
  161  12:09  Roach x8  
  161  12:13  Roach x2  
Show
View Real Time Build Order
Export as new Build Order

CatZ Zerg 

Build Orders: Hatch First 

Get SALT Encoding   

  12  0:00  Drone  
  13  0:12  Overlord  
  13  0:17  Drone  
  14  0:31  Drone x2  
  16  0:35  Drone  
  17  0:52  Hatchery  
  16  1:06  Spawning Pool  
  16  1:08  Drone  
  16  1:12  Drone  
  16  1:15  Drone  
  18  1:19  Drone  
  19  1:30  Overlord  
  19  1:53  Queen, Zergling x4  
  23  2:02  Zergling x2  
  23  2:04  Zergling x2  
  23  2:08  Queen  
  27  2:13  Zergling x2  
  28  2:17  Drone  
  29  2:26  Drone x2  
  31  2:35  Hatchery  
  31  2:36  Queen  
  32  2:37  Drone  
  32  2:39  Drone  
  32  2:57  Drone x3  
  33  3:00  Drone  
  33  3:03  Drone  
  33  3:04  Drone x2  
  36  3:07  Extractor  
  36  3:10  Drone  
  36  3:11  Overlord  
  36  3:22  Drone  
  35  3:30  Drone x2  
  35  3:31  Drone  
  35  3:33  Drone  
  35  3:34  Drone  
  39  3:36  Extractor  
  39  3:37  Drone x3  
  39  3:38  Drone  
  42  3:45  Drone x2  
  43  3:54  Drone  
  44  3:56  Drone, Queen  
  44  3:57  Drone  
  44  3:58  Drone  
  49  4:07  Overlord  
  49  4:14  Overlord  
  49  4:15  Lair  
  49  4:17  Overlord  
  49  4:20  Overlord  
  49  4:25  Drone x4  
  49  4:29  Extractor x2, Metabolic Boost  
  49  4:31  Drone x3  
  53  4:33  Drone  
  55  4:41  Drone x5  
  60  4:46  Drone  
  60  4:47  Drone  
  62  4:55  Drone x4  
  62  4:56  Drone  
  62  4:59  Evolution Chamber x2  
  65  5:08  Roach Warren  
  65  5:10  Drone  
  65  5:11  Drone x3, Overlord  
  68  5:14  Extractor  
  68  5:17  Extractor, Spire  
  65  5:27  Zerg Missile Weapons Level 1  
  65  5:29  Drone x3  
  65  5:30  Drone  
  65  5:32  Drone x2  
  65  5:33  Overlord  
  71  5:40  Zergling x14  
  78  5:46  Zergling x2  
  79  5:52  Zergling x4  
  79  5:56  Zergling x2  
  82  6:00  Unknown  
  82  6:05  Overlord  
  82  6:14  Overlord  
  82  6:16  Zergling x2  
  82  6:17  Zergling x2  
  83  6:27  Overlord  
  83  6:28  Mutalisk  
  83  6:29  Mutalisk x10  
  83  6:30  Hatchery  
  104  6:36  Drone, Baneling Nest  
  104  6:37  Drone x2  
  106  6:43  Overlord  
  106  6:45  Glial Reconstitution  
  99  7:01  Roach x6  
  99  7:02  Roach x7  
  99  7:05  Roach x2  
  99  7:07  Roach  
  129  7:14  Overlord  
  128  7:19  Roach  
  128  7:20  Overlord  
  130  7:28  Overlord x3  
  130  7:34  Roach  
  130  7:35  Roach x4  
  138  7:37  Roach  
  138  7:38  Roach  
  138  7:39  Roach  
  138  7:40  Roach  
  138  7:43  Roach x2  
  146  7:48  Roach  
  146  7:50  Roach  
  148  7:55  Roach x2  
  148  7:58  Zergling x6  
  143  8:00  Roach  
  143  8:01  Roach x4  
  143  8:03  Roach  
  157  8:13  Roach x3  
  157  8:19  Roach  
  165  8:20  Roach  
  165  8:22  Overlord x2  
  165  8:26  Roach  
  167  8:31  Roach x3  
  173  8:36  Baneling x5  
  173  8:37  Roach, Baneling  
  173  8:39  Overlord  
  173  8:40  Overlord  
  175  8:48  Zergling x20  
  185  8:51  Roach x2  
  189  8:56  Ravager x3  
  189  8:57  Ravager x2  
  189  8:59  Ravager x2  
  189  9:00  Ravager x4  
  200  9:03  Overlord  
  200  9:24  Baneling x10  
  200  9:25  Baneling x8  
  192  9:37  Roach x7  
  163  9:50  Roach x2  
  163  9:51  Roach x7  
  157  9:56  Roach x3  
  149  10:02  Roach x4  
  149  10:05  Roach, Zergling x2  
  149  10:06  Zergling x16  
  137  10:19  Roach x4  
  141  10:25  Roach  
  141  10:27  Roach x2  
  147  10:29  Roach  
  147  10:30  Roach x3  
  147  10:31  Roach x3  
  161  10:36  Roach  
  161  10:38  Roach x3  
  161  10:39  Roach  
  161  10:41  Roach x2  
  175  10:44  Baneling x4  
  175  10:45  Baneling  
  175  10:47  Baneling  
  175  10:53  Roach x4  
  183  10:57  Zergling x2  
  183  10:58  Zergling x10  
  181  11:14  Roach x11  
  192  11:25  Roach x5  
  182  11:26  Roach x3  
  182  11:27  Roach  
  182  11:28  Roach  
  182  11:29  Roach  
  182  11:30  Roach  
  182  11:32  Roach  
  162  11:33  Roach  
  162  11:35  Roach  
  144  11:41  Roach x2  
  144  11:42  Roach x2  
  150  11:48  Zergling x4  
  152  11:55  Roach x2  
  152  11:56  Zergling x14  
  152  11:59  Overlord  
  163  12:05  Roach  
  163  12:06  Roach x2  
  137  12:10  Roach x3  
Tags
 
Add a new tag
Caveats
  • Supply blocks, unpowered buildings, or Contaminate may cause inaccurate times.
  • Supply counts are checked every 10 seconds.